[ AOE2 MATCH · #471715328 ]
1v1 RMSlavs vs Poles
Player's team · LOSS
Rival team · WIN
[ REPLAY ANALYSIS · EXTRACTED FROM THE RECORDED GAME ]
Feudal
8:50
Castle
20:21
Imperial
37:36
| APM avg | 44.9 |
| APM peak | 88 |
| eAPM avg | 25.6 |
| Villagers / military | 140 / 295 |
Focus
⚔️ 49.6% · 🌾 50.4%
Spearman ×197 · Scout Cavalry ×43 · Knight ×40 · Militia ×10 · Trebuchet (Packed) ×3 · Monk ×2
Feudal
8:50
Castle
20:44
Imperial
36:01
| APM avg | 68.7 |
| APM peak | 121 |
| eAPM avg | 33.4 |
| Villagers / military | 174 / 169 |
Focus
⚔️ 43.4% · 🌾 56.6%
Knight ×87 · Scout Cavalry ×39 · Obuch ×19 · Monk ×8 · Trebuchet (Packed) ×6 · Archer ×4
Match map
Initial resources + every placement click. Lines = walls · curves = elevation contours. ◆ gold · ⬟ stone · ● berries · ✦ relic · ◌ wall gap
Your base· ✓ Closed at 20:21 · 43t walls · 1 gate(s)
Enzberg's base· ✓ Closed at 20:44 · 57t walls · no gate
Smoothed initial terrain · ◌ = detected wall gap · hover for details
Inputs per minute
— Capyphract - - Enzberg
Build order — Capyphract
First 150 of 452 actions detected
| 0:00 | Create | Villager (Male) |
| 0:00 | Create | Villager (Male) |
| 0:01 | Create | Villager (Male) |
| 0:01 | Create | Villager (Male) |
| 0:02 | Build | House |
| 0:03 | Build | House |
| 1:29 | Create | Villager (Male) |
| 1:52 | Build | Lumber Camp |
| 2:01 | Create | Villager (Male) |
| 2:13 | Create | Villager (Male) |
| 2:45 | Create | Villager (Male) |
| 3:08 | Create | Villager (Male) |
| 3:32 | Create | Villager (Male) |
| 3:51 | Build | House |
| 4:01 | Create | Villager (Male) |
| 4:03 | Create | Villager (Male) |
| 4:28 | Build | Mill |
| 4:36 | Create | Villager (Male) |
| 4:37 | Create | Villager (Male) |
| 5:17 | Create | Villager (Male) |
| 5:46 | Research | Loom |
| 6:27 | Research | Feudal Age |
| 7:16 | Build | Barracks |
| 7:28 | Create | Villager (Male) |
| 8:02 | Create | Villager (Male) |
| 8:50 | Age | Feudal Age |
| 8:52 | Build | Stable |
| 8:55 | Research | Double-Bit Axe |
| 8:56 | Research | Horse Collar |
| 9:19 | Create | Villager (Male) |
| 9:22 | Build | Farm |
| 9:25 | Create | Spearman |
| 9:33 | Create | Scout Cavalry |
| 9:38 | Create | Villager (Male) |
| 9:41 | Build | House |
| 9:42 | Build | Palisade Wall |
| 9:44 | Build | Palisade Wall |
| 9:47 | Create | Villager (Male) |
| 9:54 | Build | Farm |
| 9:57 | Create | Scout Cavalry |
| 10:20 | Build | House |
| 10:30 | Create | Scout Cavalry |
| 10:33 | Create | Spearman |
| 10:43 | Build | Farm |
| 10:45 | Create | Villager (Male) |
| 10:50 | Build | Farm |
| 10:57 | Build | Palisade Wall |
| 10:57 | Build | Palisade Wall |
| 10:58 | Build | Palisade Wall |
| 11:09 | Build | Farm |
| 11:16 | Create | Villager (Male) |
| 11:24 | Build | Lumber Camp |
| 11:40 | Create | Villager (Male) |
| 11:51 | Create | Villager (Male) |
| 11:53 | Build | Farm |
| 11:54 | Build | Farm |
| 12:01 | Create | Spearman |
| 12:14 | Build | House |
| 12:21 | Build | Palisade Wall |
| 12:22 | Create | Villager (Male) |
| 12:32 | Build | Palisade Wall |
| 12:33 | Build | Palisade Wall |
| 12:33 | Build | Palisade Wall |
| 12:35 | Create | Villager (Male) |
| 12:38 | Build | Farm |
| 12:40 | Build | Farm |
| 12:49 | Build | Palisade Wall |
| 12:51 | Create | Spearman |
| 13:02 | Create | Scout Cavalry |
| 13:14 | Build | Farm |
| 13:14 | Create | Villager (Male) |
| 13:22 | Build | Palisade Wall |
| 13:29 | Create | Scout Cavalry |
| 13:33 | Build | Farm |
| 13:43 | Create | Villager (Male) |
| 13:56 | Create | Villager (Male) |
| 13:58 | Build | Mining Camp |
| 13:59 | Create | Spearman |
| 14:11 | Build | House |
| 14:12 | Build | Palisade Wall |
| 14:14 | Build | Palisade Wall |
| 14:26 | Build | Palisade Wall |
| 14:31 | Create | Villager (Male) |
| 14:37 | Build | Farm |
| 14:49 | Create | Villager (Male) |
| 15:06 | Build | Blacksmith |
| 15:11 | Build | Farm |
| 15:21 | Create | Villager (Male) |
| 15:36 | Create | Villager (Male) |
| 15:43 | Create | Scout Cavalry |
| 15:47 | Build | House |
| 16:03 | Build | Market |
| 16:10 | Build | House |
| 16:12 | Build | Palisade Wall |
| 16:17 | Build | House |
| 16:18 | Build | Palisade Wall |
| 16:20 | Build | Palisade Wall |
| 16:22 | Create | Villager (Male) |
| 16:50 | Create | Villager (Male) |
| 17:07 | Build | Farm |
| 17:16 | Create | Villager (Male) |
| 17:35 | Research | Castle Age |
| 17:45 | Research | Bloodlines |
| 18:06 | Build | Farm |
| 18:10 | Build | Farm |
| 18:17 | Research | Scale Barding Armor |
| 18:26 | Build | Stable |
| 18:35 | Research | Gold Mining |
| 18:50 | Create | Scout Cavalry |
| 19:17 | Create | Scout Cavalry |
| 19:23 | Build | Farm |
| 19:37 | Create | Scout Cavalry |
| 19:38 | Create | Scout Cavalry |
| 19:47 | Research | Forging |
| 19:54 | Build | Farm |
| 19:55 | Build | Farm |
| 20:06 | Build | Palisade Gate |
| 20:21 | Age | Castle Age |
| 20:23 | Research | Light Cavalry (upgrade) |
| 20:24 | Create | Villager (Male) |
| 20:37 | Build | Town Center |
| 20:46 | Create | Villager (Male) |
| 20:46 | Create | Knight |
| 21:10 | Create | Knight |
| 21:10 | Create | Villager (Male) |
| 21:16 | Research | Chain Barding Armor |
| 21:35 | Build | Farm |
| 21:36 | Build | Farm |
| 21:37 | Create | Villager (Male) |
| 21:37 | Create | Knight |
| 21:45 | Create | Knight |
| 22:00 | Build | Farm |
| 22:04 | Create | Villager (Male) |
| 22:04 | Create | Knight |
| 22:13 | Create | Knight |
| 22:19 | Build | Monastery |
| 22:23 | Create | Knight |
| 22:33 | Create | Villager (Male) |
| 22:37 | Build | Farm |
| 22:39 | Build | Farm |
| 22:46 | Create | Knight |
| 22:51 | Create | Villager (Male) |
| 22:54 | Build | Farm |
| 23:01 | Build | Farm |
| 23:05 | Create | Monk |
| 23:06 | Create | Villager (Male) |
| 23:07 | Create | Villager (Male) |
| 23:10 | Create | Knight |
| 23:11 | Build | Farm |
| 23:24 | Create | Villager (Male) |
Build order — Enzberg
First 150 of 510 actions detected
| 0:00 | Create | Villager (Male) |
| 0:00 | Create | Villager (Male) |
| 0:00 | Create | Villager (Male) |
| 0:00 | Create | Villager (Male) |
| 0:02 | Build | House |
| 0:02 | Build | House |
| 1:32 | Create | Villager (Male) |
| 1:32 | Create | Villager (Male) |
| 1:32 | Create | Villager (Male) |
| 1:49 | Build | Lumber Camp |
| 2:03 | Create | Villager (Male) |
| 2:03 | Create | Villager (Male) |
| 2:03 | Create | Villager (Male) |
| 2:40 | Create | Villager (Male) |
| 2:40 | Create | Villager (Male) |
| 2:40 | Create | Villager (Male) |
| 2:40 | Create | Villager (Male) |
| 2:58 | Create | Villager (Male) |
| 2:58 | Create | Villager (Male) |
| 2:58 | Create | Villager (Male) |
| 2:58 | Create | Villager (Male) |
| 3:20 | Create | Villager (Male) |
| 3:20 | Create | Villager (Male) |
| 3:26 | Build | House |
| 3:29 | Build | Palisade Wall |
| 3:50 | Create | Villager (Male) |
| 3:50 | Create | Villager (Male) |
| 4:02 | Create | Villager (Male) |
| 4:02 | Create | Villager (Male) |
| 4:25 | Build | Mill |
| 4:31 | Build | Mill |
| 4:48 | Create | Villager (Male) |
| 5:10 | Create | Villager (Male) |
| 5:23 | Create | Villager (Male) |
| 5:45 | Research | Loom |
| 6:24 | Research | Feudal Age |
| 6:35 | Build | Lumber Camp |
| 7:32 | Create | Villager (Male) |
| 7:48 | Build | Barracks |
| 7:50 | Create | Villager (Male) |
| 8:14 | Build | Palisade Wall |
| 8:15 | Build | Palisade Wall |
| 8:50 | Age | Feudal Age |
| 9:02 | Create | Spearman |
| 9:08 | Build | Stable |
| 9:18 | Create | Villager (Male) |
| 9:25 | Research | Double-Bit Axe |
| 9:25 | Create | Villager (Male) |
| 9:36 | Build | Palisade Wall |
| 9:36 | Build | Palisade Wall |
| 9:36 | Build | Palisade Wall |
| 9:37 | Build | Palisade Wall |
| 9:40 | Create | Villager (Male) |
| 9:42 | Build | House |
| 9:50 | Create | Villager (Male) |
| 9:52 | Create | Scout Cavalry |
| 10:00 | Create | Villager (Male) |
| 10:14 | Build | House |
| 10:23 | Create | Scout Cavalry |
| 10:31 | Research | Horse Collar |
| 10:40 | Build | House |
| 10:48 | Build | Farm |
| 10:49 | Create | Villager (Male) |
| 10:56 | Build | Farm |
| 10:58 | Build | Farm |
| 11:03 | Build | House |
| 11:16 | Build | Palisade Wall |
| 11:18 | Create | Villager (Male) |
| 11:20 | Create | Scout Cavalry |
| 11:24 | Build | Farm |
| 11:27 | Build | Farm |
| 11:35 | Create | Scout Cavalry |
| 11:49 | Create | Villager (Male) |
| 11:55 | Build | House |
| 11:56 | Create | Villager (Male) |
| 11:59 | Build | Farm |
| 12:07 | Build | Mill |
| 12:10 | Create | Scout Cavalry |
| 12:11 | Create | Villager (Male) |
| 12:20 | Build | House |
| 12:22 | Build | Palisade Wall |
| 12:33 | Build | Farm |
| 12:37 | Create | Villager (Male) |
| 12:39 | Build | Farm |
| 12:47 | Create | Scout Cavalry |
| 12:53 | Build | Farm |
| 13:02 | Create | Scout Cavalry |
| 13:14 | Create | Spearman |
| 13:17 | Create | Villager (Male) |
| 13:26 | Create | Villager (Male) |
| 13:28 | Build | Farm |
| 13:30 | Build | Farm |
| 13:35 | Build | House |
| 13:36 | Build | House |
| 13:46 | Create | Villager (Male) |
| 13:57 | Create | Villager (Male) |
| 14:03 | Create | Scout Cavalry |
| 14:06 | Build | Mining Camp |
| 14:20 | Build | Archery Range |
| 14:24 | Create | Villager (Male) |
| 14:30 | Create | Scout Cavalry |
| 14:45 | Create | Villager (Male) |
| 15:02 | Create | Scout Cavalry |
| 15:14 | Create | Skirmisher |
| 15:15 | Create | Archer |
| 15:15 | Create | Archer |
| 15:17 | Create | Villager (Male) |
| 15:22 | Build | House |
| 15:29 | Create | Villager (Male) |
| 15:31 | Build | Farm |
| 15:32 | Create | Villager (Male) |
| 15:41 | Create | Archer |
| 15:42 | Create | Villager (Male) |
| 15:45 | Build | Blacksmith |
| 16:01 | Create | Villager (Male) |
| 16:04 | Build | Palisade Wall |
| 16:08 | Build | Palisade Wall |
| 16:12 | Create | Archer |
| 16:20 | Create | Villager (Male) |
| 16:37 | Create | Villager (Male) |
| 16:39 | Build | Farm |
| 16:46 | Create | Villager (Male) |
| 16:59 | Build | Farm |
| 17:24 | Create | Villager (Male) |
| 17:44 | Research | Castle Age |
| 18:13 | Create | Scout Cavalry |
| 18:21 | Build | Farm |
| 18:26 | Build | House |
| 18:29 | Build | Palisade Wall |
| 18:33 | Build | Stable |
| 18:35 | Research | Bloodlines |
| 19:17 | Create | Scout Cavalry |
| 19:25 | Build | Mill |
| 19:36 | Build | Stable |
| 19:43 | Create | Scout Cavalry |
| 19:47 | Research | Forging |
| 19:47 | Research | Scale Barding Armor |
| 20:04 | Build | Farm |
| 20:04 | Build | Farm |
| 20:05 | Build | Farm |
| 20:05 | Build | Farm |
| 20:05 | Build | Farm |
| 20:05 | Build | Farm |
| 20:32 | Build | Palisade Wall |
| 20:37 | Create | Scout Cavalry |
| 20:38 | Create | Scout Cavalry |
| 20:41 | Build | Farm |
| 20:44 | Age | Castle Age |
| 20:46 | Research | Light Cavalry (upgrade) |
| 20:46 | Research | Light Cavalry (upgrade) |
Match timeline
| 3:29 | Enzberg · wall_segment Palisade Wall x1 |
| 7:16 | Capyphract · first_building Barracks |
| 7:48 | Enzberg · first_building Barracks |
| 8:14 | Enzberg · wall_segment Palisade Wall x1 |
| 8:15 | Enzberg · wall_segment Palisade Wall x1 |
| 8:50 | Capyphract · age_up feudal |
| 8:50 | Enzberg · age_up feudal |
| 8:52 | Capyphract · first_building Stable |
| 9:08 | Enzberg · first_building Stable |
| 9:36 | Enzberg · wall_segment Palisade Wall x1 |
| 9:36 | Enzberg · wall_segment Palisade Wall x1 |
| 9:36 | Enzberg · wall_segment Palisade Wall x1 |
| 9:37 | Enzberg · wall_segment Palisade Wall x1 |
| 9:42 | Capyphract · wall_segment Palisade Wall x1 |
| 9:44 | Capyphract · wall_segment Palisade Wall x6 |
| 10:57 | Capyphract · wall_segment Palisade Wall x1 |
| 10:57 | Capyphract · wall_segment Palisade Wall x1 |
| 10:58 | Capyphract · wall_segment Palisade Wall x1 |
| 11:16 | Enzberg · wall_segment Palisade Wall x9 |
| 12:21 | Capyphract · wall_segment Palisade Wall x1 |
| 12:22 | Enzberg · wall_segment Palisade Wall x4 |
| 12:32 | Capyphract · wall_segment Palisade Wall x1 |
| 12:33 | Capyphract · wall_segment Palisade Wall x1 |
| 12:33 | Capyphract · wall_segment Palisade Wall x1 |
| 12:49 | Capyphract · wall_segment Palisade Wall x6 |
| 13:22 | Capyphract · wall_segment Palisade Wall x1 |
| 14:12 | Capyphract · wall_segment Palisade Wall x1 |
| 14:14 | Capyphract · wall_segment Palisade Wall x1 |
| 14:20 | Enzberg · first_building Archery Range |
| 14:26 | Capyphract · wall_segment Palisade Wall x1 |
| 16:04 | Enzberg · wall_segment Palisade Wall x8 |
| 16:08 | Enzberg · wall_segment Palisade Wall x17 |
| 16:12 | Capyphract · wall_segment Palisade Wall x5 |
| 16:18 | Capyphract · wall_segment Palisade Wall x2 |
| 16:20 | Capyphract · wall_segment Palisade Wall x12 |
| 17:29 | Capyphract · first_market_sell 100 wood |
| 17:30 | Capyphract · first_market_buy 100 food |
| 18:29 | Enzberg · wall_segment Palisade Wall x9 |
| 20:21 | Capyphract · age_up castle |
| 20:32 | Enzberg · wall_segment Palisade Wall x5 |
| 20:44 | Enzberg · age_up castle |
| 22:17 | Enzberg · first_building Monastery |
| 22:19 | Capyphract · first_building Monastery |
| 28:46 | Enzberg · wall_segment Palisade Wall x1 |
| 32:01 | Enzberg · first_market_sell 100 wood |
| 32:04 | Enzberg · first_market_buy 100 food |
| 32:49 | Capyphract · first_building Castle |
| 33:01 | Enzberg · first_building Castle |
| 36:01 | Enzberg · age_up imperial |
| 37:36 | Capyphract · age_up imperial |
| 38:49 | Enzberg · first_building Siege Workshop |
| 46:20 | Capyphract · resign |
[ AI ANALYSIS · 1 CREDIT ]
What really happened in this match?
Wolo.gg analyzes every decision: build order, eco, micro, common mistakes by bracket. Personalized analysis on WhatsApp or Discord in 30 seconds.
Civ guide
Slavs
Map guide
Arabia
Perfil
Jugador #2116604